 Dungeon Crawl Stone Soup version 0.29-a0-322-g68df515428 (webtiles) character file.

Game seed: 190719577231857464

262 kae the Firebug (level 6, -5/35 HPs)
             Began as a Tengu Fire Elementalist on Apr 7, 2022.
             Killed by nerve-wracking pain
             ... invoked by Grinder
              (8 damage)
             ... while paralysed by Grinder
             ... on level 2 of the Dungeon.
             The game lasted 00:01:54 (4149 turns).

kae the Firebug (Tengu Fire Elementalist)           Turns: 4149, Time: 00:01:55

Health: -5/35      AC:  3    Str:  5 (8)  XL:     6   Next: 18%
Magic:  6/11       EV:  2    Int: 14 (17) God:
Gold:   86         SH:  0    Dex: 13 (15) Spells: 1/10 levels left

rFire   . . .      SeeInvis .   (no weapon)
rCold   . . .      Faith    .   (no shield)
rNeg    . . .      Spirit   .   a - +0 robe
rPois   .          Reflect  .   (helmet restricted)
rElec   .          Harm     .   (no cloak)
rCorr   .          Rampage  .   l - +0 pair of gloves
Will    .....                   (boots unavailable)
Stlth   ++........              (no amulet)
HPRegen 0.11/turn               (no ring)
MPRegen 0.12/turn               (no ring)

@: paralysed, flying quickly and evasively, very slightly contaminated, quick
A: beak, talons 3, nimble flight
a: no special abilities


You were on level 2 of the Dungeon.
You visited 1 branch of the dungeon, and saw 3 of its levels.

You collected 86 gold pieces.

Inventory:

Armour
 a - a +0 robe (worn)
 l - a +0 pair of gloves (worn)
Scrolls
 c - a scroll of fear
 f - a scroll of teleportation
Potions
 b - a potion of magic
 d - a potion of berserk rage
 g - 3 potions of curing {unknown}
 h - a potion of mutation {unknown}
 i - a potion of heal wounds {unknown}
 j - 2 potions of brilliance {unknown}
 k - 2 potions of flight {unknown}


   Skills:
 + Level 2.1 Fighting
 + Level 2.4 Armour
 + Level 3.5 Dodging
 - Level 2.0 Stealth
 + Level 2.8 Spellcasting
 + Level 3.3 Conjurations
 + Level 4.2 Fire Magic


You had one spell level left.
You knew the following spells:

 Your Spells              Type           Power      Damage    Failure   Level
a - Foxfire               Conj/Fire      48%        2x1d6     4%          1
b - Scorch                Fire           26%        2d6       6%          2
c - Conjure Flame         Conj/Fire      12%        6-21      14%         3
d - Inner Flame           Hex/Fire       7%         N/A       28%         3

Your spell library contained the following spells:

 Spells                   Type           Power      Damage    Failure   Level
 Flame Wave               Conj/Fire      12%        2d6       43%         4


Dungeon Overview and Level Annotations

Branches:
Dungeon (3/15)

Altars:
Nemelex Xobeh
Uskayaw

Annotations:
D:2 Grinder


Innate Abilities, Weirdness & Mutations

You have a beak for a mouth.
You have claws for feet.
Your magical nature lets you fly swiftly and evasively.


Message History

Confirm with . or Enter, or press ? or * to list all spells.
You conjure some foxfire!
The foxfire hits Grinder.
Grinder is lightly wounded.
Casting: Foxfire (safe; 3% risk of failure)
Confirm with . or Enter, or press ? or * to list all spells.
You conjure some foxfire!
The foxfire hits Grinder.
Grinder is lightly wounded.
Grinder closely misses you.
You fly upwards.
Your summoned ally is left behind.
There is a stone staircase leading down here.
Casting: Foxfire (safe; 3% risk of failure)
Confirm with . or Enter, or press ? or * to list all spells.
Flames lash Grinder.
Grinder is moderately wounded.
Grinder's fire resistance burns away.
Grinder hits you!
You writhe in agony.
Grinder gestures at you. Pain shoots through your body!
Casting: Scorch (safe; 4% risk of failure)
Confirm with . or Enter, or press ? or * to list all spells.
You miscast Scorch.
You are very lightly contaminated with residual magic.
Nothing appears to happen.
Grinder says, "Just stop there for a second..."
Grinder hits you.
* * * LOW HITPOINT WARNING * * *
It was a potion of degeneration.
There was something very wrong with that liquid.
You feel weakened.
You feel dopey.
You feel clumsy. Grinder gestures at you.
You suddenly lose the ability to move!
Grinder is no longer more vulnerable to fire.
Grinder hits you.
* * * LOW HITPOINT WARNING * * *
You writhe in agony.
* * * LOW HITPOINT WARNING * * *
Grinder gestures at you. Pain shoots through your body!
You die...

..# #....# #.#.# #............
..# #....# #.#.####............
##############......#............
#.............##.###.#..รท.<#..
#.............#..###.#...#####
####.............#.##...###.# #
.................#.#@.......# #
...........#####5#.........######
...........# #@###............#
..##.......# ### ############.#
..##.......# #.. ..##.......# ###
..##.......########
####......[.......#
#..............#
####...........#############
#.....................).#


You could see Grinder.

Vanquished Creatures
  Sigmund (D:2)
  4 adders
  2 worms
  A dart slug (D:1)
  7 endoplasms
  2 giant cockroaches
  5 goblins
  3 hobgoblins
  7 kobolds
  A quokka (D:1)
  6 ball pythons
  6 bats
  5 frilled lizards
  6 rats
56 creatures vanquished.

Vanquished Creatures (others)
  172 foxfires
172 creatures vanquished.

Grand Total: 228 creatures vanquished

Notes
Turn   | Place    | Note
-------+----------+-------------------------------------------
     0 | D:1      | kae the Tengu Fire Elementalist began the quest for the
                  | Orb.
     0 | D:1      | Reached XP level 1. HP: 10/10 MP: 4/4
   682 | D:1      | Reached XP level 2. HP: 16/16 MP: 3/6
  1416 | D:1      | Reached XP level 3. HP: 14/20 MP: 3/7
  1419 | D:1      | Learned a level 2 spell: Scorch
  1423 | D:1      | Learned a level 3 spell: Conjure Flame
  2117 | D:2      | Reached skill level 1 in Fighting
  2136 | D:2      | Found a faded altar of an unknown god.
  2150 | D:2      | Reached skill level 1 in Armour
  2443 | D:2      | Noticed Sigmund
  2936 | D:2      | Killed Sigmund
  2937 | D:2      | Reached skill level 4 in Fire Magic
  2937 | D:2      | Reached XP level 4. HP: 22/26 MP: 3/9
  2937 | D:2      | Gained mutation: Your magical nature lets you fly swiftly
                  | and evasively. [Tengu growth]
  2937 | D:2      | Reached XP level 5. HP: 26/30 MP: 3/10
  2941 | D:2      | Learned a level 3 spell: Inner Flame
  3241 | D:2      | Reached XP level 6. HP: 35/35 MP: 8/11
  3308 | D:2      | Found a sparkling altar of Nemelex Xobeh.
  3781 | D:3      | Found a hide-covered altar of Uskayaw.
  3926 | D:3      | Noticed Grinder
  4147 | D:2      | Paralysed by Grinder for 5 turns
  4149 | D:2      | Killed from afar by Grinder

Illustrated notes

Levels and vault maps discovered:
D:1:      lightli_arrival_maybe_door_vault, layout_loops_ring,
          chequers_serial_rivers_room_a, grunt_decor_clamped, chequers_avenue,
          st_stairs_4, hangedman_abyss_or_decor_stabs, roderic_lattice_a,
          minmay_unequal
D:2:      layout_basic, ebering_ecumenical_altar_box, basic_altar, uniq_sigmund
D:3:      layout_loops_ring, mainiacjoe_overflow_six_doors_small,
          dk_yredelemnul_ordeal, chequers_serial_rivers_micro_c,
          grunt_ministairs_14, minivault_5, minmay_door_square, uniq_grinder

Skill      XL: |  1  2  3 |
---------------+----------+-----
Conjurations   | 3 |  3.3
Fighting       | 2 |  2.1
Armour         | 2 |  2.4
Dodging        | 3 |  3.5
Fire Magic     | 4 |  4.2
Stealth        | |  2.0
Spellcasting   | |  2.8

Action                   |  1- 3 |  4- 6 || total
-------------------------+-------+-------++-------
Melee: Unarmed           |    30 |     5 ||    35
       Kick              |     7 |     2 ||     9
       Peck              |     5 |     1 ||     6
       Punch             |     1 |       ||     1
 Cast: Foxfire           |    86 |    23 ||   109
       Scorch            |     2 |    14 ||    16
  Use: Scroll            |     4 |     2 ||     6
       Potion            |       |     1 ||     1
Armor: Robe              |     7 |     4 ||    11
Dodge: Dodged            |    27 |    13 ||    40

Table legend: (Time is in decaauts)
 A = Elapsed time spent in this place.
 B = Non-inter-level travel time spent in this place.
 C = Inter-level travel time spent in this place.
 D = Time resting spent in this place.
 E = Time spent auto-exploring this place.
 F = Levels seen in this place.
 G = Mean time per level.
                   A        B        C        D        E       F      G
               +--------+--------+--------+--------+--------+-----+--------+
         Total |   4087 |   4011 |     76 |    407 |   3040 |   3 | 1362.3 |
       Dungeon |   4087 |   4011 |     76 |    407 |   3040 |   3 | 1362.3 |
               +--------+--------+--------+--------+--------+-----+--------+

Top non-repeatable levels by time:
     D:1: 2275 daAuts
     D:2: 1340 daAuts
     D:3: 471 daAuts
